AoeStats
← Navix de los Bosques de Lituania

Arabia

508093020Analyzed
3v3 RM · 10d ago on Sep 20, 2026· 50m 47s· 6 players
Game mode
Random Map
Map size
Normal (6 player)
Population
200
Speed
Normal
Resources
Standard
Victory
Conquest
Starting age
Dark Age
Ending age
Imperial Age
RankedLock teamsTeams togetherTeam positionsShared explorationLock speedFull tech treeHidden civsTurbo modeCheats
Victory
Defeat
🇹🇷 Huns · Türkiye
819
+14
🇨🇱 Lithuanians · Chile
685
+20
🇹🇷 Bohemians · Türkiye
672
+20
🇦🇷 Goths · Argentina
798
-19
🇬🇧 Portuguese · United Kingdom
764
-18
743
-17
Navix de los Bosques de Lituania
WarapEB
4:21 Loom
13:31 Feudal Age
14:01 Double-Bit Axe
14:00 Horse Collar
16:36 Man-at-Arms
25:06 Castle Age
25:26 Long Swordsman
27:30 Pikeman
39:28 Imperial Age
37:48 Squires
38:29 Gold Mining
38:29 Stone Mining
40:37 Conscription
40:24 Two-Handed Swordsman
42:59 Wheelbarrow
43:50 Stone Mining
47:22 Forging
47:12 Scale Mail Armor
46:39 Halberdier
49:12 Hand Cart
48:28 Champion
48:52 Elite Skirmisher
51:27 Heavy Plow
jones3adz
11:36 Feudal Age
16:34 Double-Bit Axe
23:33 Castle Age
27:18 Wheelbarrow
26:28 Town Watch
33:43 Imperial Age
32:34 Hand Cart
32:20 Town Patrol
34:05 Horse Collar
35:17 Loom
37:39 Gambesons
37:41 Arson
38:03 Pikeman
38:52 Scale Mail Armor
38:42 Fletching
38:52 Padded Archer Armor
40:28 Conscription
42:08 Forging
42:13 Chain Mail Armor
41:54 Bodkin Arrow
42:15 Leather Archer Armor
44:05 Ballistics
44:45 Chemistry
43:14 Halberdier
45:28 Iron Casting
45:23 Plate Mail Armor
46:05 Elite Organ Gun
47:53 Arquebus
48:45 Ring Archer Armor
49:17 Blast Furnace
49:25 Bracer
49:41 Masonry
Mert
0:30 Loom
13:58 Feudal Age
15:16 Double-Bit Axe
15:13 Horse Collar
15:44 Gold Mining
22:55 Castle Age
21:58 Stone Mining
24:26 Bow Saw
24:20 Heavy Plow
25:49 Gold Shaft Mining
25:55 Scale Barding Armor
26:01 Forging
26:48 Murder Holes
27:04 Masonry
27:02 Town Watch
28:35 Wheelbarrow
30:17 Hand Cart
30:29 Town Patrol
31:24 Marauders
32:18 Husbandry
32:29 Bloodlines
33:13 Padded Archer Armor
33:03 Fletching
34:46 Chain Barding Armor
35:26 Coinage
35:00 Caravan
37:13 Iron Casting
36:54 Leather Archer Armor
36:35 Bodkin Arrow
36:40 Scale Mail Armor
41:01 Imperial Age
38:40 Arson
38:55 Squires
40:31 Ballistics
41:44 Chain Mail Armor
41:36 Elite Tarkan
42:36 Atheism
42:37 Conscription
41:47 Sappers
43:00 Plate Barding Armor
43:26 Blast Furnace
42:26 Bracer
42:47 Guilds
43:08 Banking
42:41 Bracer
43:49 Two-Man Saw
44:35 Chemistry
BUGABUG
0:29 Loom
12:52 Feudal Age
14:02 Double-Bit Axe
13:59 Horse Collar
19:38 Arson
26:07 Castle Age
24:48 Forging
24:40 Padded Archer Armor
24:43 Scale Mail Armor
26:21 Pikeman
27:03 Squires
31:52 Bow Saw
31:46 Heavy Plow
33:03 Wagenburg Tactics
35:25 Iron Casting
38:11 Imperial Age
35:57 Caravan
38:23 Leather Archer Armor
37:58 Fletching
38:52 Elite Hussite Wagon
40:09 Coinage
39:49 Guilds
40:13 Ring Archer Armor
39:38 Bodkin Arrow
40:23 Ballistics
41:05 Chemistry
40:57 Wheelbarrow
40:08 Town Watch
40:40 Halberdier
42:28 Hand Cart
41:58 Town Watch
43:47 Houfnice
46:31 Banking
51:10 Two-Man Saw
alfredo296gomez
5:02 Loom
11:20 Feudal Age
13:52 Double-Bit Axe
15:03 Bloodlines
17:53 Town Watch
19:13 Forging
21:49 Fletching
23:15 Horse Collar
27:41 Castle Age
28:24 Bodkin Arrow
27:52 Crossbowman
28:38 Thumb Ring
30:56 Iron Casting
30:25 Light Cavalry
33:31 Heavy Plow
35:15 Thumb Ring
38:08 Hill Forts
38:55 Caravan
41:15 Ballistics
42:41 Bow Saw
44:59 Scale Barding Armor
50:08 Imperial Age
50:24 Wheelbarrow
49:49 Town Patrol
50:15 Chain Barding Armor
49:57 Padded Archer Armor
51:11 Block Printing
50:53 Herbal Medicine
51:09 Fervor
50:22 Elite Leitis
52:01 Plate Barding Armor
51:27 Bracer
Connection lost

Rejoining the realm…

Still unreachable

The connection could not be restored.

Session expired

The server has moved on; the page needs a fresh start.